AoeStats
← zephyrutia

Arabia

507920239Analyzed
1v1 RM · 13d ago on Sep 20, 2026· 49m 15s· 2 players
Game mode
Random Map
Map size
Tiny (2 player)
Population
200
Speed
Normal
Resources
Standard
Victory
Conquest
Starting age
Dark Age
Ending age
Imperial Age
RankedLock teamsTeams togetherTeam positionsShared explorationLock speedFull tech treeHidden civsTurbo modeCheats
Victory
Defeat
🇺🇸 Turks · United States
976
+16
🇰🇿 Magyars · Kazakhstan
977
-16
zephyrutia
7:37 Loom
10:21 Feudal Age
20:08 Fletching
21:12 Padded Archer Armor
23:52 Castle Age
23:46 Double-Bit Axe
23:46 Horse Collar
23:57 Crossbowman
24:46 Bodkin Arrow
26:59 Leather Archer Armor
30:05 Town Watch
35:20 Imperial Age
36:12 Wheelbarrow
42:35 Hand Cart
47:03 Scale Barding Armor
Grinch_XO
7:16 Loom
7:21 Loom
9:57 Feudal Age
10:33 Double-Bit Axe
14:23 Horse Collar
16:43 Bloodlines
17:03 Scale Barding Armor
19:13 Fletching
23:05 Castle Age
22:14 Gold Mining
23:50 Wheelbarrow
27:53 Gold Shaft Mining
29:11 Chain Barding Armor
28:55 Stone Mining
29:43 Bow Saw
30:26 Fervor
30:37 Heavy Plow
30:36 Town Watch
32:03 Bodkin Arrow
32:30 Treadmill Crane
33:24 Hand Cart
34:47 Murder Holes
35:14 Husbandry
39:43 Ballistics
39:15 Heated Shot
41:10 Corvinian Army
43:43 Imperial Age
42:14 Masonry
43:01 Guard Tower
45:43 Chemistry
44:09 Cavalier
45:26 Conscription
45:18 Bracer
45:54 Plate Barding Armor
49:02 Hoardings
49:20 Guard Tower
Connection lost

Rejoining the realm…

Still unreachable

The connection could not be restored.

Session expired

The server has moved on; the page needs a fresh start.